cohdb
Replays
Latest Replays
All Replays
Popular Replays
Top Player Replays
Match Explorer
How It Works
Community
CoH3 Stats
Reddit
Sign in to upload your games and track your stats! →
Sign in with Steam
Match 42424163
Unlisted
Match 42424163
Overview
Messages
Build Orders
End
Panzergrenadier Squad
Panzergrenadier Squad
250 Light Carrier
Construct Light Support Kompanie
MG34 Team
Selects Panzerjäger Kommand Battlegroup
Selects Tank Busters
Fire Support Elements
Panzerjäger Mechanized Group
Construct Panzerarmee Kommand
Vehicle Survival Package
Pak 38 Anti-tank Gun Team
Selects Crew Shock Tactics
Emergency Repair Kits
Panzer III L Medium Tank
Panzer III L Medium Tank
Panzerpioneer Squad
Selects Anti-tank Overwatch
Panzer III L Medium Tank
Tungsten Core Ammunition
Selects Mine Fields
Panzer III L Medium Tank
Armored Reserves
Rapid Advance
Selects Early Warning
Anti-tank Overwatch
Anti-tank Overwatch
Selects Butterfly Bomb Drop
Butterfly Bomb Drop
Tiger Heavy Tank
Anti-tank Overwatch
Walking Stuka Rocket Launcher
Anti-tank Overwatch
PatriceLumumba400
Twin
JShreddy
Mustache and Melons
PhoneyMcRing
GRANDMOM
Mattie
Voudou Pete
0
0
Comments
sign in to comment!
No comments posted yet!